 Dungeon Crawl Stone Soup version 0.22-a0-407-gb098539 (webtiles) character file.

781 galech the Charmwright (level 7, -4/56 HPs)
             Began as a Gnoll Wanderer on May 9, 2018.
             Slain by Edmund
             ... wielding a +0 dire flail of protection
              (8 damage)
             ... on level 4 of the Dungeon.
             The game lasted 00:09:20 (4539 turns).

galech the Charmwright (Gnoll Wanderer)             Turns: 4539, Time: 00:09:21

Health: -4/56      AC:  7    Str: 15    XL:     7   Next: 85%
Magic:  11/11      EV: 13    Int: 16    God:
Gold:   55         SH:  0    Dex: 14    Spells: 9/11 levels left

rFire    . . .     SeeInvis .   o - +1 hand axe (chop)
rCold    . . .     Gourm    .   (no shield)
rNeg     . . .     Faith    .   z - +2 robe {Archmagi}
rPois    .         Spirit   .   s - +0 helmet
rElec    .         Reflect  .   g - +0 cloak
rCorr    .         Harm     .   B - +0 pair of gloves
MR       .....                  (no boots)
Stlth    ++........             (no amulet)
HPRegen  0.18/turn              (no ring)
MPRegen  0.12/turn              (no ring)

@: no status effects
A: distributed training, fangs 1, strong nose
a: no special abilities


You were on level 4 of the Dungeon.
You were not hungry.

You visited 1 branch of the dungeon, and saw 5 of its levels.

You collected 181 gold pieces.
You spent 126 gold pieces at shops.

Inventory:

Hand Weapons
 a - a +3 hand crossbow
 o - a +1 hand axe of chopping (weapon)
Armour
 d - a +0 robe
 g - a +0 cloak (worn)
 s - a +0 helmet (worn)
 x - a +0 leather armour
 z - a +2 robe of the Archmagi (worn)
 B - a +0 pair of gloves (worn)
Wands
 q - a wand of random effects (12)
 y - a wand of flame (16)
Scrolls
 c - 2 scrolls of immolation
 e - 5 scrolls of teleportation
 i - 2 scrolls of amnesia
 j - 4 scrolls of remove curse
 m - 4 scrolls of identify
 u - 2 scrolls of fear
Potions
 h - 4 potions of heal wounds {unknown}
 k - a potion of cancellation {unknown}
 l - a potion of magic {unknown}
 n - a potion of degeneration {unknown}
 p - a potion of resistance {unknown}
 r - 2 potions of curing
 t - a potion of ambrosia {unknown}
 v - 2 potions of might {unknown}
 w - a potion of invisibility {unknown}
 A - a potion of lignification {unknown}
Comestibles
 f - 5 rations


   Skills:
 + Level 5.3 Fighting
 + Level 2.7 Short Blades
 + Level 2.7 Long Blades
 + Level 2.7 Axes
 + Level 2.7 Maces & Flails
 + Level 2.7 Polearms
 + Level 2.7 Staves
 + Level 2.7 Slings
 + Level 2.7 Bows
 + Level 3.8 Crossbows
 + Level 2.7 Throwing
 + Level 2.7 Armour
 + Level 2.7 Dodging
 + Level 2.7 Stealth
 + Level 3.8 Shields
 + Level 2.7 Unarmed Combat
 + Level 2.7 Spellcasting
 + Level 2.2 Conjurations
 + Level 2.2 Hexes
 + Level 5.9 Charms
 + Level 2.2 Summonings
 + Level 4.4 Necromancy
 + Level 2.2 Translocations
 + Level 2.2 Transmutations
 + Level 2.2 Fire Magic
 + Level 2.2 Ice Magic
 + Level 2.2 Air Magic
 + Level 2.2 Earth Magic
 + Level 2.2 Poison Magic
 + Level 3.0 Invocations
 + Level 3.8 Evocations


You had 9 spell levels left.
You knew the following spells:

 Your Spells              Type           Power        Failure   Level  Hunger
a - Throw Frost           Conj/Ice       ##....       12%         2    ##.....


Dungeon Overview and Level Annotations

Branches:
Dungeon (5/15)
 Temple: D:4-7

Altars:
Nemelex Xobeh
Qazlal

Shops:
D:4 ?   D:5 (

Annotations:
D:4 Edmund
D:5 Dowan; Duvessa; Serpenta's ghost, amateur OgCK


Innate Abilities, Weirdness & Mutations

Your experience applies equally to all skills.
You have very sharp teeth.
Your uncanny sense of smell can sniff out nearby items.


Message History

Edmund is almost dead.
Edmund closely misses you.
You hit Edmund. You bite Edmund, but do no damage.
Edmund is almost dead.
Edmund hits you with a dire flail of protection.
* * * LOW HITPOINT WARNING * * *
You hit Edmund but do no damage.
Edmund is almost dead.
Edmund closely misses you.
You hit Edmund but do no damage.
Edmund is almost dead.
Edmund hits you with a dire flail of protection.
* * * LOW HITPOINT WARNING * * *
You barely miss Edmund.
Edmund is almost dead.
Edmund closely misses you.
You closely miss Edmund. You bite Edmund, but do no damage.
Edmund is almost dead.
Edmund hits you with a dire flail of protection!
You die...

## #. #.
#############
#.
#>..........##
#.
#.#..........#
#.
#@#.#######..#
#. #@#.# #..#
##. #.#.# #..#
#.. #.#.#
#..###.. #.#.#
#....'.. #.#.#
##.###.. #.#.#
###.#####
#.#.#
#....####
#.#.#
#.#......
#.#.#
#.#######


You could see Edmund.

Vanquished Creatures
  The ghost of dstrtnsr the Chopper, an amateur HOBe of Trog (D:3)
  A necrophage (D:5)
  A scorpion (D:4)
  A howler monkey (D:5)
  A crimson imp (D:5)
  2 bullfrog skeletons (D:4)
  2 hounds
  Jessica (D:3)
  An iguana (D:4)
  Ijyb (D:3)
  Terence (D:2)
  4 worker ants (D:4)
  A hound skeleton (D:4)
  Robin (D:2)
  5 adders
  An ooze (D:2)
  A worm (D:2)
  3 dart slugs
  3 leopard geckos
  3 orcs
  3 giant cockroaches
  10 goblins
  9 hobgoblins
  9 jackals
  3 quokkas
  A ball python (D:2)
  9 bats
  5 frilled lizards
  11 kobolds
  A leopard gecko skeleton (D:4)
  8 rats
104 creatures vanquished.

Notes
Turn   | Place    | Note
-------+----------+-------------------------------------------
     0 | D:1      | galech the Gnoll Wanderer began the quest for the Orb.
     0 | D:1      | galech set off with: a +2 hand crossbow, 31 bolts, a +0 robe, a ration
     0 | D:1      | Reached XP level 1. HP: 20/20 MP: 2/2
   274 | D:1      | Reached XP level 2. HP: 26/26 MP: 3/3
   567 | D:1      | Reached XP level 3. HP: 31/31 MP: 4/4
  1012 | D:2      | Noticed Terence
  1025 | D:2      | Killed Terence
  1025 | D:2      | Reached skill level 1 in Short Blades
  1025 | D:2      | Reached skill level 1 in Long Blades
  1025 | D:2      | Reached skill level 1 in Axes
  1025 | D:2      | Reached skill level 1 in Maces & Flails
  1025 | D:2      | Reached skill level 1 in Polearms
  1025 | D:2      | Reached skill level 1 in Staves
  1025 | D:2      | Reached skill level 1 in Slings
  1025 | D:2      | Reached skill level 1 in Bows
  1025 | D:2      | Reached skill level 1 in Throwing
  1025 | D:2      | Reached skill level 1 in Armour
  1025 | D:2      | Reached skill level 1 in Dodging
  1025 | D:2      | Reached skill level 1 in Stealth
  1025 | D:2      | Reached skill level 1 in Unarmed Combat
  1025 | D:2      | Reached skill level 1 in Spellcasting
  1025 | D:2      | Reached skill level 1 in Invocations
  1025 | D:2      | Reached XP level 4. HP: 22/38 MP: 4/6
  1456 | D:2      | Reached skill level 1 in Conjurations
  1456 | D:2      | Reached skill level 1 in Hexes
  1456 | D:2      | Reached skill level 1 in Summonings
  1456 | D:2      | Reached skill level 1 in Translocations
  1456 | D:2      | Reached skill level 1 in Transmutations
  1456 | D:2      | Reached skill level 1 in Fire Magic
  1456 | D:2      | Reached skill level 1 in Ice Magic
  1456 | D:2      | Reached skill level 1 in Air Magic
  1456 | D:2      | Reached skill level 1 in Earth Magic
  1456 | D:2      | Reached skill level 1 in Poison Magic
  1517 | D:2      | Noticed Robin
  1533 | D:2      | Killed Robin
  1534 | D:2      | Reached XP level 5. HP: 11/43 MP: 7/7
  1810 | D:3      | Noticed dstrtnsr's ghost (amateur HOBe)
  2046 | D:3      | Killed dstrtnsr's ghost
  2187 | D:3      | Found a stormy altar of Qazlal.
  2469 | D:3      | Noticed Ijyb
  2480 | D:3      | Killed Ijyb
  2480 | D:3      | Reached XP level 6. HP: 50/50 MP: 8/8
  2536 | D:3      | Noticed Jessica
  2540 | D:3      | Killed Jessica
  2579 | D:3      | Found a sparkling altar of Nemelex Xobeh.
  2818 | D:4      | Reached skill level 5 in Fighting
  3088 | D:4      | Reached XP level 7. HP: 56/56 MP: 10/10
  3351 | D:4      | Found Siutaw's Magic Scroll Boutique.
  3355 | D:4      | Bought a scroll of identify for 28 gold pieces
  3355 | D:4      | Bought a scroll of identify for 28 gold pieces
  3355 | D:4      | Bought a scroll of teleportation for 42 gold pieces
  3355 | D:4      | Bought a scroll of identify for 28 gold pieces
  3848 | D:4      | Learned a level 2 spell: Throw Frost
  3867 | D:5      | Entered Level 5 of the Dungeon
  3867 | D:5      | Found Xasaergh's Antique Weapon Shoppe.
  3884 | D:5      | Noticed Serpenta's ghost (amateur OgCK)
  4029 | D:5      | HP: 2/56 [Serpenta's ghost (3)]
  4504 | D:5      | Noticed Duvessa
  4506 | D:5      | Noticed Edmund
  4508 | D:5      | Noticed Dowan
  4539 | D:4      | Slain by Edmund

Vault maps used:
D:1:      lightli_arrival_isolated_outpost, serial_forest,
          infiniplex_forest_lined_corner, infiniplex_forest_clump_diagonal,
          infiniplex_forest_end_2, infiniplex_forest_end_1
D:2:      uniq_terence, uniq_robin
D:3:      lemuel_coloured_pillars_altar, marbit_many_paths, uniq_jessica,
          uniq_ijyb
D:4:      serial_shops, shop
D:5:      first_ration, serial_shops, shop, minivault_23,
          nicolae_zen_rock_garden, grunt_decor_one_mirror, uniq_duvessa,
          uniq_edmund, uniq_grinder

Skill      XL: |  1  2  3  4  5  6  7 |
---------------+----------------------+-----
Short Blades   | 1 2 |  2.7
Long Blades    | 1 2 |  2.7
Axes           | 1 2 |  2.7
Maces & Flails | 1 2 |  2.7
Polearms       | 1 2 |  2.7
Staves         | 1 2 |  2.7
Slings         | 1 2 |  2.7
Bows           | 1 2 |  2.7
Throwing       | 1 2 |  2.7
Armour         | 1 2 |  2.7
Dodging        | 1 2 |  2.7
Stealth        | 1 2 |  2.7
Unarmed Combat | 1 2 |  2.7
Spellcasting   | 1 2 |  2.7
Invocations    | 1 2 3 |  3.0
Conjurations   | 1 2 |  2.2
Hexes          | 1 2 |  2.2
Summonings     | 1 2 |  2.2
Translocations | 1 2 |  2.2
Transmutations | 1 2 |  2.2
Fire Magic     | 1 2 |  2.2
Ice Magic      | 1 2 |  2.2
Air Magic      | 1 2 |  2.2
Earth Magic    | 1 2 |  2.2
Poison Magic   | 1 2 |  2.2
Crossbows      | 3 |  3.8
Shields        | 3 |  3.8
Necromancy     | 4 |  4.4
Evocations     | 3 |  3.8
Fighting       | 5 |  5.3
Charms         | |  5.9

Action                   |  1- 3 |  4- 6 |  7- 9 || total
-------------------------+-------+-------+-------++-------
Melee: Hand axe          |       |       |    18 ||    18
       Bite              |       |       |     2 ||     2
 Fire: Hand crossbow     |    76 |   166 |    58 ||   300
  Use: Scroll            |       |     2 |     5 ||     7
  Eat: Chunk             |       |     7 |     2 ||     9
       Ration            |       |       |     1 ||     1
Armor: Robe              |     8 |    30 |    11 ||    49
Dodge: Dodged            |    17 |    54 |    36 ||   107

Table legend:
 A = Spawn XP
 B = Non-spawn XP
 C = Spawn XP percentage of total XP
 D = Spawn monster count
 E = Non-spawn monster count
 F = Spawn count percentage of total count
 G = Total turns spent on level
                    A         B        C        D         E        F      G
               +---------+---------+-------+---------+---------+-------+---------
         Total |       0 |    1117 |   0.0 |       0 |     104 |   0.0 |  4539
               +---------+---------+-------+---------+---------+-------+---------
           D:1 |       0 |      35 |   0.0 |       0 |      25 |   0.0 |   818
           D:2 |       0 |     130 |   0.0 |       0 |      35 |   0.0 |  1163
           D:3 |       0 |     240 |   0.0 |       0 |      18 |   0.0 |   832
           D:4 |       0 |     432 |   0.0 |       0 |      21 |   0.0 |  1645
           D:5 |       0 |     280 |   0.0 |       0 |       5 |   0.0 |    81
               +---------+---------+-------+---------+---------+-------+---------
